 Dungeon Crawl Stone Soup version 0.28-a0-247-gb8bfbab023 (webtiles) character file.

Game seed: 502374670452024180

112 Tocho the Insei (level 4, -2/35 HPs)
             Began as a Draconian Transmuter on Aug 25, 2021.
             Slain by a bullfrog (5 damage)
             ... in a sewer.
             The game lasted 00:04:39 (2946 turns).

Tocho the Insei (Draconian Transmuter)              Turns: 2946, Time: 00:04:40

Health: -2/35      AC:  6    Str: 12    XL:     4   Next: 63%
Magic:  4/7        EV: 12    Int: 19    God:
Gold:   59         SH:  0    Dex: 13    Spells: 5/8 levels left

rFire   . . .      SeeInvis .     - Unarmed
rCold   . . .      Faith    .   (no shield)
rNeg    . . .      Spirit   .   (armour unavailable)
rPois   .          Reflect  .   (helmet currently unavailable)
rElec   .          Harm     .   (no cloak)
rCorr   .          Rampage  .   i - +0 pair of gloves
Will    .....                   (boots currently unavailable)
Stlth   ++........              (no amulet)
HPRegen 0.11/turn               c - +6 ring of intelligence
MPRegen 0.10/turn               (no ring)

@: appendages (expiring), wereblooded
A: horns 2, talons 2, AC +5, unfitting armour, cold-blooded
a: End Transformation


You were in a sewer.
You had temporarily grown beastly horns and talons.
You visited 1 branch of the dungeon, and saw 3 of its levels.
You also visited: Sewer.

You collected 59 gold pieces.

Inventory:

Armour
 i - a +0 pair of gloves (worn)
Jewellery
 c - a +6 ring of intelligence (left hand)
Scrolls
 b - a scroll of summoning {unknown}
 d - a scroll of noise {unknown}
 f - 2 scrolls of identify {unknown}
 g - a scroll of magic mapping {unknown}
 h - a scroll of acquirement {unknown}
 j - a scroll of torment {unknown}
Potions
 a - 2 potions of mutation {unknown}
 e - 2 potions of curing {unknown}
 k - a potion of lignification {unknown}


   Skills:
 + Level 1.4 Fighting
 + Level 2.3 Dodging
 + Level 0.8 Stealth
 + Level 4.2 Unarmed Combat
 + Level 2.6 Spellcasting
 + Level 2.4 Transmutations


You had 5 spell levels left.
You knew the following spells:

 Your Spells              Type           Power      Damage    Failure   Level
a - Beastly Appendage     Tmut           22%        N/A       6%          1
b - Wereblood             Tmut           11%        N/A       9%          2

Your spell library contained the following spells:

 Spells                   Type           Power      Damage    Failure   Level
 Summon Small Mammal      Summ           8%         N/A       16%         1
 Spider Form              Tmut/Pois      3%         N/A       28%         3
 Call Canine Familiar     Summ           2%         N/A       43%         3
 Summon Guardian Golem    Hex/Summ       2%         N/A       43%         3
 Ice Form                 Ice/Tmut       7%         N/A       67%         4
 Animate Dead             Necr           1%         N/A       85%         4
 Haunt                    Necr/Summ      1%         N/A       100%        7
 Infestation              Necr           1%         N/A       100%        8


Dungeon Overview and Level Annotations

Branches:
Dungeon (3/15)              Sewer (1/1)

Altars:

Shops:
D:2 ?


Innate Abilities, Weirdness & Mutations

You have temporarily grown beastly horns and talons.
Your plain brown scales are hard. (AC +5)
You cannot fit into any form of body armour.
You are cold-blooded and may be slowed by cold attacks.


Message History

The bullfrog moves out of view.
The bullfrog hits you.
You punch the bullfrog!
The bullfrog is moderately wounded.
The bullfrog hits you.
Your unstable footing causes you to fumble your attack.
The bullfrog gives a loud, deep croak!
The bullfrog barely misses you. The bullfrog misses you.
You barely miss the bullfrog.
The bullfrog is moderately wounded.
The bullfrog misses you.
Your unstable footing causes you to fumble your attack.
The bullfrog completely misses you. The bullfrog barely misses you.
Casting: Wereblood (safe; 9% risk of failure)
Confirm with . or Enter, or press ? or * to list all spells.
You grow a pair of large bovine horns.
Your feet morph into talons.
Your transformation is almost over.
The bullfrog hits you! The bullfrog hits you.
Casting: Beastly Appendage (safe; 6% risk of failure)
Confirm with . or Enter, or press ? or * to list all spells.
Your blood is infused with primal strength.
The bullfrog barely misses you. x2; The bullfrog hits you.
You are too injured to fight recklessly!
You are too injured to fight recklessly!
Your unstable footing causes you to fumble your attack.
The bullfrog hits you!
* * * LOW HITPOINT WARNING * * *
The bullfrog hits you but does no damage.
The bullfrog hits you.
* * * LOW HITPOINT WARNING * * *
You closely miss the bullfrog. You claw the bullfrog.
The bullfrog is heavily wounded.
The bullfrog hits you.
* * * LOW HITPOINT WARNING * * *
The bullfrog hits you but does no damage.
Unknown command.
The bullfrog hits you.
* * * LOW HITPOINT WARNING * * *
The bullfrog hits you.
You die...

#..≈†≈≈≈≈≈≈≈≈≈≈≈≈≈≈≈≈≈≈≈≈≈≈≈≈
#.≈≈≈≈≈≈≈≈≈≈≈≈≈≈≈≈≈≈≈≈≈≈≈≈≈≈≈
#.≈≈≈≈≈≈≈≈≈≈≈≈≈≈≈≈≈≈≈≈≈≈≈≈≈≈≈
#.≈≈≈≈.†≈≈†≈≈≈≈≈≈≈..........≈
#.≈≈≈.≈≈≈≈≈≈≈≈≈≈≈≈≈≈≈≈#######
#≈≈≈≈.≈≈≈≈≈≈≈≈≈≈≈≈≈≈≈≈≈≈# #
#.≈≈≈≈≈≈≈≈≈≈.≈≈≈≈≈≈≈≈≈≈≈# #
#≈≈≈≈≈≈≈≈≈≈≈≈..≈≈≈≈≈≈≈≈≈≈# #
#≈≈≈≈≈≈≈≈≈≈≈@F≈≈?≈≈≈≈≈≈≈≈# #
#.≈≈≈≈≈≈≈≈≈≈.F≈?)$.≈≈≈≈≈≈# #
#≈≈≈≈≈≈≈≈≈≈≈≈.≈.!..≈≈≈≈≈≈# #
#.≈≈≈≈≈≈≈≈≈..≈≈≈.≈≈≈≈ #
#.≈≈≈≈#≈≈≈≈∩.≈≈≈≈≈≈≈≈ #
#≈†≈≈≈##≈≈≈≈≈≈≈≈≈≈≈≈≈ #
#.≈≈≈≈####≈≈≈≈≈≈≈≈≈≈≈ #
#.≈≈≈≈# ####≈≈≈≈≈≈## #
#.≈≈≈.# ######## #


You could see 2 bullfrogs.

Vanquished Creatures
  2 adders (D:2)
  A worm (D:2)
  A dart slug (D:2)
  2 orcs (D:3)
  An endoplasm (D:1)
  12 giant cockroaches
  4 hobgoblins
  4 jackals (D:1)
  16 quokkas
  3 ball pythons
  2 bats
  8 frilled lizards
  10 goblins
  7 kobolds
  3 rats
76 creatures vanquished.

Notes
Turn   | Place    | Note
-------+----------+-------------------------------------------
     0 | D:1      | Tocho the Draconian Transmuter began the quest for the Orb.
     0 | D:1      | Reached XP level 1. HP: 16/16 MP: 3/3
   164 | D:1      | Reached XP level 2. HP: 21/23 MP: 5/5
   179 | D:1      | Learned a level 2 spell: Wereblood
   680 | D:1      | Reached XP level 3. HP: 16/28 MP: 6/6
  1466 | D:2      | Found Tegi's Magic Scroll Shoppe.
  1681 | D:2      | Found a faded altar of an unknown god.
  1979 | D:2      | Reached XP level 4. HP: 34/35 MP: 7/7
  2110 | D:2      | Reached skill level 4 in Unarmed Combat
  2673 | D:3      | Found a glowing drain.
  2730 | Sewer    | Entered a sewer
  2935 | Sewer    | Noticed a bullfrog
  2936 | Sewer    | Noticed a bullfrog
  2946 | Sewer    | Slain by a bullfrog

Illustrated notes

Levels and vault maps discovered:
D:1:      ebering_trefoil_twist, layout_loops_cross, solitary_fountain,
          minmay_pentomino_w2
D:2:      layout_loops_ring, serial_shops, nicolae_shop_trees,
          dreamdust_ecumenical_altar_statues
D:3:      layout_rooms, gup_sewer_entry_pipe, serial_rivers,
          chequers_serial_rivers_micro_c, chequers_serial_rivers_small_3,
          chequers_serial_rivers_micro_b, chequers_serial_rivers_micro_b,
          chequers_serial_rivers_small_a, chequers_serial_rivers_micro_d
Sewer:    sewer_frog_island_01

Skill      XL: |  1  2  3  4 |
---------------+-------------+-----
Dodging        | 2 |  2.3
Unarmed Combat | 4 |  4.2
Fighting       | |  1.4
Stealth        | |  0.8
Spellcasting   | |  2.6
Transmutations | |  2.4

Action                   |  1- 3 |  4- 6 || total
-------------------------+-------+-------++-------
Melee: Unarmed           |   139 |   123 ||   262
       Headbutt          |     6 |     4 ||    10
       Kick              |     8 |     8 ||    16
       Punch             |     1 |     1 ||     2
       Tailslap          |     8 |     9 ||    17
 Cast: Beastly Appendage |     6 |     6 ||    12
       Wereblood         |     3 |     4 ||     7
 Stab: Sleeping          |     2 |     1 ||     3
Armor: Skin              |    35 |    48 ||    83
Dodge: Dodged            |    77 |    82 ||   159

Table legend: (Time is in decaauts)
 A = Elapsed time spent in this place.
 B = Non-inter-level travel time spent in this place.
 C = Inter-level travel time spent in this place.
 D = Time resting spent in this place.
 E = Time spent auto-exploring this place.
 F = Levels seen in this place.
 G = Mean time per level.
                   A        B        C        D        E       F      G
               +--------+--------+--------+--------+--------+-----+--------+
         Total |   2984 |   2911 |     73 |      0 |   2298 |   4 |  746.0 |
       Dungeon |   2720 |   2647 |     73 |      0 |   2212 |   3 |  906.7 |
         Sewer |    264 |    264 |      0 |      0 |     85 |   1 |  264.0 |
               +--------+--------+--------+--------+--------+-----+--------+

Top non-repeatable levels by time:
     D:1: 1268 daAuts
     D:2: 1060 daAuts
     D:3: 391 daAuts
   Sewer: 264 daAuts
